 Dungeon Crawl Stone Soup version 0.29-a0-337-g68df138881 (webtiles) character file.

Game seed: 12143861101447865120

12236 mdonais the Shield-Bearer (level 11, -3/108 HPs)
             Began as an Octopode Hedge Wizard on Apr 16, 2022.
             Was a High Priest of Cheibriados.
             Slain by an eight-headed hydra (9 damage)
             ... on level 1 of the Lair of Beasts.
             The game lasted 01:10:39 (13438 turns).

mdonais the Shield-Bearer (Octopode Hedge Wizard)  Turns: 13438, Time: 01:10:40

Health: -3/108     AC: 25    Str: 25    XL:     11   Next: 90%
Magic:  1/20       EV:  2    Int: 34    God:    Cheibriados [*****.]
Gold:   384        SH: 12    Dex: 22    Spells: 4/22 levels left

rFire   . . .      SeeInvis .   D - +4 hand axe "Leuphuw" {venom, rElec Str+3 Dex-3}
rCold   . . .      Faith    .   k - +0 kite shield
rNeg    . . .      Spirit   .   (helmet currently unavailable)
rPois   +          Reflect  .   (no amulet)
rElec   +          Harm     .   o - ring of poison resistance
rCorr   .          Rampage  .   (no ring)
Will    .....      NoTele   +   (no ring)
Stlth   ++++......              (no ring)
HPRegen 0.28/turn               (no ring)
MPRegen 0.17/turn               (no ring)
                                (no ring)
                                (no ring)

@: tree-form, very slow
A: stationary, stasis, torment immunity, boosted hp, almost no armour,
(amphibious), 8 rings, (camouflage 1), (gelatinous body 1), (nimble swimmer 1),
(tentacles)
a: Renounce Religion, Bend Time, Temporal Distortion, Slouch, Step From Time


You were on level 1 of the Lair of Beasts.
You worshipped Cheibriados.
Cheibriados was extremely pleased with you.
You were a tree.
You visited 4 branches of the dungeon, and saw 13 of its levels.

You collected 592 gold pieces.
You spent 208 gold pieces at shops.

Inventory:

Hand Weapons
 a - a +2 whip of electrocution
   (You took it off Pikel on level 7 of the Dungeon)
 f - a +0 short sword of protection
   (You took it off a kobold on level 1 of the Dungeon)
 h - a +2 vampiric spear
   (You took it off a gnoll sergeant on level 7 of the Dungeon)
 l - a +2 lajatang of freezing
   (You found it on level 1 of the Dungeon)
 p - a +1 vorpal morningstar
   (You took it off Maggie on level 9 of the Dungeon)
 s - a +2 dagger of venom
   (You took it off an orc on level 9 of the Dungeon)
 x - a +2 vorpal flail
   (You took it off an orc on level 5 of the Dungeon)
 D - the +4 hand axe "Leuphuw" (weapon) {venom, rElec Str+3 Dex-3}
   (You bought it in a shop on level 4 of the Dungeon)

   It poisons the flesh of those it strikes.
   Str:       It affects your strength (+3).
   Dex:       It affects your dexterity (-3).
   rElec:     It insulates you from electricity.
Missiles
 e - 332 stones
 g - 29 poisoned darts (quivered)
 t - 6 boomerangs
 F - a curare-tipped dart
Armour
 b - a +2 hat (melded)
 k - a +0 kite shield (worn)
   (You took it off a gnoll sergeant on level 7 of the Dungeon)
Magical Staves
 d - a staff of death
   (You found it on level 1 of the Dungeon)
Jewellery
 n - a ring of fire
   (You found it on level 8 of the Dungeon)
 o - a ring of poison resistance (left branch)
   (You found it on level 5 of the Dungeon)
Wands
 J - a wand of mindburst (7)
   (You took it off Ijyb on level 5 of the Dungeon)
 V - a wand of flame (40)
   (You took it off Pikel on level 7 of the Dungeon)
Scrolls
 m - 3 scrolls of immolation
 q - 2 scrolls of vulnerability
 v - a scroll of fear
 w - 2 scrolls of fog
 y - a scroll of enchant weapon
 A - 3 scrolls of amnesia
 T - 2 scrolls of teleportation
Potions
 c - a potion of magic
 i - a potion of lignification
 j - 2 potions of mutation
 u - a potion of heal wounds
 z - 3 potions of degeneration {unknown}
 C - 2 potions of brilliance
 E - a potion of invisibility
 G - a potion of resistance
 H - a potion of flight {unknown}
 I - 2 potions of attraction {unknown}
 K - 5 potions of might {unknown}
 Q - 4 potions of curing


   Skills:
 - Level 6.0 Fighting
 + Level 6.2 Dodging
 + Level 7.5 Stealth
 * Level 7.6 Shields
 + Level 6.2 Spellcasting
 + Level 7.2 Conjurations
 + Level 5.3 Summonings
 - Level 2.4 Translocations
 - Level 2.0 Transmutations
 - Level 4.0 Fire Magic
 + Level 3.9 Air Magic
 - Level 4.0 Poison Magic
 + Level 4.5 Evocations


You had 4 spell levels left.
You knew the following spells:

 Your Spells              Type           Power      Damage    Failure   Level
a - Magic Dart            Conj           100%       1d8       1%          1
b - Call Canine Familiar  Summ           46%        N/A       3%          3
c - Mephitic Cloud        Conj/Pois/Air  45%        N/A       3%          3
d - Ignite Poison         Fire/Tmut/Pois 33%        N/A       8%          3
e - Call Imp              Summ           46%        N/A       1%          2
f - Sticky Flame          Conj/Fire      48%        2d7       10%         4
g - Blink                 Tloc           54%        N/A       5%          2

Your spell library contained the following spells:

 Spells                   Type           Power      Damage    Failure   Level
 Summon Small Mammal      Summ           100%       N/A       1%          1
 Apportation              Tloc           54%        N/A       3%          1
 Conjure Flame            Conj/Fire      48%        6-21      3%          3
 Wereblood                Tmut           24%        N/A       7%          2
 Spider Form              Tmut/Pois      31%        N/A       9%          3
 Pain                     Necr           40%        1d6       10%         1
 Slow                     Hex            40%        N/A       10%         1
 Summon Guardian Golem    Hex/Summ       28%        N/A       10%         3
 Gell's Gravitas          Tloc           27%        N/A       11%         3
 Lesser Beckoning         Tloc           27%        N/A       11%         3
 Teleport Other           Tloc           27%        N/A       11%         3
 Ensorcelled Hibernation  Hex/Ice        20%        N/A       16%         2
 Sublimation of Blood     Necr           10%        N/A       16%         2
 Hailstorm                Conj/Ice       35%        3d9       22%         4
 Frozen Ramparts          Ice            20%        1d4       30%         3
 Summon Ice Beast         Ice/Summ       28%        N/A       32%         4
 Ice Form                 Ice/Tmut       17%        N/A       54%         4
 Anguish                  Hex/Necr       5%         N/A       69%         4
 Alistair's Intoxication  Tmut/Pois      20%        N/A       63%         5
 Agony                    Necr           10%        N/A       95%         5
 Simulacrum               Ice/Necr       5%         N/A       100%        6
 Summon Hydra             Summ           23%        N/A       100%        7


Dungeon Overview and Level Annotations

Branches:
Dungeon (10/15)            Temple (1/1) D:4            Lair (1/6) D:10
    Orc (1/2) D:10

Altars:
Cheibriados
Elyvilon
Fedhas
Hepliaklqana
Kikubaaqudgha
Nemelex Xobeh
Ru
Uskayaw
Xom
The Shining One

Shops:
D:4 (

Annotations:
D:8 3 runed translucent doors, BeKind's ghost, novice VSBe


Innate Abilities, Weirdness & Mutations

You are a tree.
Your roots penetrate the ground, keeping you stationary.
You cannot be teleported.
You are immune to unholy pain and torment.
Your maximum health is greatly increased.
You cannot wear most types of armour.
((You are amphibious.))
You can wear up to eight rings at the same time.
((Your skin changes colour to match your surroundings (Stealth+).))
((Your rubbery body absorbs attacks. (AC +1, EV +1)))
((You are camouflaged when in or above water. (Stealth+)))
((You have tentacles for arms and can constrict up to eight enemies at once.))


Message History

HP restored.
Health restored: 72
(D) Dungeon (T) Temple (L) Lair (O) Orcish Mines
Where to? (Enter - Orc:1, ? - help)
What level of the Lair of Beasts? (default 1, ? - help)
There is a staircase to the Lair here.
You climb downwards.
Welcome back to the Lair of Beasts!
A rime drake comes into view.
There is a staircase back to the Dungeon, spattered with blood here.
Casting: Mephitic Cloud (dangerous; 3% risk of failure)
Confirm with . or Enter, or press ? or * to list all spells.
The rime drake breathes ice at you. The flash freeze misses you.
You now have 17/20 mp.
Casting: Call Canine Familiar (dangerous; 3% risk of failure)
Confirm with . or Enter, or press ? or * to list all spells.
Aiming: Magic Dart (safe; 1% risk of failure)
Press: ? - help, Shift-Dir - straight line, f - rime drake
Aim: a rime drake (catching its breath, ally target, 100% to hit)
The magic dart hits the rime drake.
The rime drake is lightly wounded.
You now have 16/20 mp.
Casting: Magic Dart (safe; 1% risk of failure)
Confirm with . or Enter, or press ? or * to list all spells.
Aiming: Magic Dart (safe; 1% risk of failure)
Press: ? - help, Shift-Dir - straight line, f/p - rime drake
Aim: a rime drake (lightly wounded, ally target, 100% to hit)
The magic dart hits the rime drake.
The rime drake is moderately wounded.
The rime drake breathes ice at you. The flash freeze hits you!!
You are encased in ice.
You take 21 damage, and have 51/72 hp.
MASSIVE DAMAGE!!
You now have 15/20 mp.
Casting: Magic Dart (safe; 1% risk of failure)
Confirm with . or Enter, or press ? or * to list all spells.
Aiming: Mephitic Cloud (dangerous; 3% risk of failure)
Press: ? - help, Shift-Dir - straight line, f/p - rime drake
Aim: a rime drake (moderately wounded, ally target, chance to affect: 72%)
The ball explodes into a vile cloud!
The stinking cloud engulfs the rime drake but does no damage.
The rime drake is moderately wounded.
You hear an angry hiss.
An eight-headed hydra comes into view.
The rime drake is engulfed in noxious fumes.
You now have 12/20 mp.
Casting: Mephitic Cloud (dangerous; 3% risk of failure)
Confirm with . or Enter, or press ? or * to list all spells.
Aiming: Mephitic Cloud (dangerous; 3% risk of failure)
Press: ? - help, Shift-Dir - straight line, p - rime drake The ball explodes into a vile cloud!
The ice encasing you melts away.
The rime drake is engulfed in noxious fumes.
The rime drake appears confused.
You now have 9/20 mp.
Casting: Mephitic Cloud (dangerous; 3% risk of failure)
Confirm with . or Enter, or press ? or * to list all spells.
A beastly little devil appears in a puff of flame.
The rime drake is engulfed in noxious fumes.
The rime drake appears confused.
You now have 8/20 mp.
Casting: Call Imp (safe; 1% risk of failure)
Confirm with . or Enter, or press ? or * to list all spells.
You ignite the poison in your surroundings!
The eight-headed hydra is engulfed in blazing flames. x2
The rime drake is engulfed in blazing flames.
A basilisk comes into view.
You now have 5/20 mp.
Casting: Ignite Poison (dangerous; 8% risk of failure)
Confirm with . or Enter, or press ? or * to list all spells.
Aiming: Mephitic Cloud (dangerous; 3% risk of failure)
Press: ? - help, Shift-Dir - straight line The ball explodes into a vile cloud!
The stinking cloud engulfs the eight-headed hydra but does no damage.
The eight-headed hydra is moderately wounded.
The eight-headed hydra misses you. x2; The eight-headed hydra bites you!
You block the eight-headed hydra's attack.
The eight-headed hydra barely misses you.
You block the eight-headed hydra's attack.
The eight-headed hydra bites you. The eight-headed hydra bites you!
* * * LOW HITPOINT WARNING * * *
Your crimson imp hits the rime drake but does no damage.
You take 31 damage, and have 21/72 hp.
MASSIVE DAMAGE!!
You now have 2/20 mp.
Casting: Mephitic Cloud (dangerous; 3% risk of failure)
Confirm with . or Enter, or press ? or * to list all spells.
You blink.
The rime drake is engulfed in noxious fumes.
The rime drake closely misses your crimson imp.
Your wolf bites the rime drake.
Your crimson imp hits the rime drake.
You now have 0/20 mp.
Okay, then.
Unknown command.
Okay, then.
Really quaff the potion of lignification?
You turn into a tree.
Your +2 hat melds into your body.
Your roots penetrate the ground.
Your wolf bites the rime drake!
The rime drake dies!
Cheibriados appreciates the change of pace.
The eight-headed hydra bites you but does no damage. x3
You block the eight-headed hydra's attack.
The eight-headed hydra bites you.
* * * LOW HITPOINT WARNING * * *
The eight-headed hydra bites you but does no damage.
You block the eight-headed hydra's attack.
The eight-headed hydra bites you.
* * * LOW HITPOINT WARNING * * *
You now have 28/108 hp.
Aiming: Mindburst
Press: ? - help, Shift-Dir - straight line, f - eight-headed hydra
Aim: an eight-headed hydra (moderately wounded, ally target, chance to affect: 49%)
Okay, then.
Unknown command.
Casting: Blink (safe; 5% risk of failure)
Confirm with . or Enter, or press ? or * to list all spells.
You don't have enough magic to cast this spell.
Aiming: Mindburst
Press: ? - help, Shift-Dir - straight line, f - eight-headed hydra
Aim: an eight-headed hydra (moderately wounded, ally target, chance to affect: 49%)
The eight-headed hydra resists with some effort.
Your wolf is engulfed in noxious fumes.
Your wolf appears confused.
Your crimson imp hits the eight-headed hydra.
You block the eight-headed hydra's attack.
The eight-headed hydra bites you but does no damage.
The eight-headed hydra bites you.
* * * LOW HITPOINT WARNING * * *
The eight-headed hydra bites you but does no damage. x5
You take 3 damage, and have 25/108 hp.
Aiming: Mindburst
Press: ? - help, Shift-Dir - straight line, f/p - eight-headed hydra
Aim: an eight-headed hydra (moderately wounded, ally target, chance to affect: 49%)
The eight-headed hydra resists with some effort.
You feel stable enough to blink again.
Your crimson imp hits the eight-headed hydra.
The eight-headed hydra bites you but does no damage.
The eight-headed hydra bites you!
* * * LOW HITPOINT WARNING * * *
You block the eight-headed hydra's attack.
The eight-headed hydra bites you.
* * * LOW HITPOINT WARNING * * *
The eight-headed hydra bites you but does no damage.
You block the eight-headed hydra's attack.
The eight-headed hydra bites you but does no damage. x2
You take 11 damage, and have 14/108 hp.
As you read the scroll of summoning, it crumbles to dust.
Wisps of shadow whirl around you...
Your wolf completely misses the eight-headed hydra.
The eight-headed hydra bites you!
* * * LOW HITPOINT WARNING * * *
The eight-headed hydra bites you!
You die...

### #.########
####F≈.....#
##...≈≈≈≈...#
#..♣≈≈≈≈≈≈..#
##..D≈S≈≈≈≈..#
######..h5°§°°§≈...
#.........≈≈≈≈≈≈...
###+###....≈☼≈°§≈≈.##
##.....÷#.#≈l≈≈≈≈≈....
........###.≈≈≈≈°.....
..#.#....##.≈≈≈≈......
.....##.##..........


You could see an eight-headed hydra (ally target), a basilisk, a friendly water
moccasin (summoned), a friendly wolf (summoned, confused), a friendly bullfrog
(summoned) and a friendly crimson imp (summoned).

Vanquished Creatures
  3 two-headed ogres
  2 death yaks (D:10)
  Pikel (D:7)
  An ugly thing (D:9)
  Maggie (D:9)
  2 cane toads (Lair:1)
  2 komodo dragons
  Prince Ribbit (D:5)
  A hornet (D:8)
  Grinder (D:5)
  3 wyverns
  A steam dragon (D:8)
  Grum (D:9)
  Menkaure (D:6)
  2 acid dragons
  3 water moccasins
  3 sky beasts
  An ice beast (D:5)
  An ogre (D:7)
  6 orc warriors
  2 centaurs
  2 wolves (D:9)
  A phantom (D:4)
  2 kobold brigands
  A gnoll sergeant (D:7)
  A necrophage (D:6)
  A bullfrog (D:7)
  3 scorpions
  17 killer bees
  2 jellies
  3 orc priests
  A gnoll shaman (D:7)
  Crazy Yiuf (D:5)
  2 iguanas
  Ijyb (D:5)
  9 orc wizards
  A hell rat (D:10)
  9 gnolls
  6 adders
  2 river rats (D:10)
  2 white imps
  2 worms
  A dart slug (D:2)
  23 orcs
  6 ball pythons
  3 bats
  3 endoplasms
  3 giant cockroaches
  8 goblins
  4 hobgoblins
  4 quokkas
  3 frilled lizards
  23 kobolds
  2 rats
191 creatures vanquished.

Vanquished Creatures (collateral kills)
  A death yak (D:10)
  A rime drake (Lair:1)
  Psyche (D:9)
  Edmund (D:5)
  A black bear (D:6)
  A centaur (D:5)
  A phantom (D:5)
  A kobold brigand (D:10)
  A bullfrog (Lair:1)
  2 killer bees (D:10)
  A hound (D:5)
  3 orc priests
  An iguana (D:4)
  An orc wizard (D:9)
  3 gnolls
  3 adders
  5 orcs
  3 quokkas (D:10)
  3 kobolds
  2 rats
36 creatures vanquished.

Vanquished Creatures (others)
  A fungus (Lair:1)
1 creature vanquished.

Grand Total: 228 creatures vanquished

Notes
Turn   | Place    | Note
-------+----------+-------------------------------------------
     0 | D:1      | mdonais the Octopode Hedge Wizard began the quest for the
                  | Orb.
     0 | D:1      | Reached XP level 1. HP: 11/11 MP: 4/4
   321 | D:1      | Reached XP level 2. HP: 18/18 MP: 1/6
  1210 | D:2      | Learned a level 2 spell: Call Imp
  1242 | D:2      | Reached skill level 1 in Fighting
  1260 | D:2      | Reached XP level 3. HP: 17/23 MP: 7/7
  1431 | D:2      | Found a hazy altar of Hepliaklqana.
  2138 | D:2      | Reached XP level 4. HP: 28/28 MP: 5/8
  2562 | D:3      | Found a faded altar of an unknown god.
  2868 | D:3      | Reached XP level 5. HP: 33/33 MP: 5/9
  3176 | D:3      | Found a blossoming altar of Fedhas.
  3201 | D:3      | Found a hazy altar of Hepliaklqana.
  3202 | D:3      | Found a snail-covered altar of Cheibriados.
  3653 | D:3      | Became a worshipper of Cheibriados the Contemplative
  3720 | D:4      | Learned a level 2 spell: Blink
  3724 | D:4      | Learned a level 3 spell: Mephitic Cloud
  3764 | D:4      | Reached XP level 6. HP: 39/39 MP: 6/10
  3867 | D:4      | Reached skill level 1 in Poison Magic
  3930 | D:4      | Reached skill level 1 in Air Magic
  4366 | D:4      | Found a sacrificial altar of Ru.
  4408 | D:4      | Found a staircase to the Ecumenical Temple.
  4415 | Temple   | Entered the Ecumenical Temple
  4671 | D:4      | Found Edwyph's Antique Weapon Boutique.
  4676 | D:4      | Bought a bloodstained hand axe for 208 gold pieces
  4676 | D:4      | Identified the +4 hand axe "Leuphuw" {venom, rElec Str+3
                  | Dex-3} (You bought it in a shop on level 4 of the Dungeon)
  4785 | D:5      | Entered Level 5 of the Dungeon
  4795 | D:5      | Reached XP level 7. HP: 37/45 MP: 4/11
  4968 | D:5      | Reached * piety under Cheibriados
  5143 | D:5      | Noticed Grinder
  5154 | D:5      | Killed Grinder
  5155 | D:5      | Reached XP level 8. HP: 17/50 MP: 10/13
  5213 | D:5      | Noticed Prince Ribbit
  5228 | D:5      | Killed Prince Ribbit
  5229 | D:5      | Reached skill level 5 in Conjurations
  5554 | D:5      | Noticed Ijyb
  5568 | D:5      | Killed Ijyb
  5716 | D:5      | Found an ancient bone altar of Kikubaaqudgha.
  5743 | D:5      | Noticed a +0 hand axe
  5743 | D:5      | Noticed a +0 dagger
  5744 | D:5      | Found a hide-covered altar of Uskayaw.
  5761 | D:5      | Found a runed translucent door.
  5762 | D:5      | Noticed Crazy Yiuf
  5823 | D:5      | Noticed Edmund
  5827 | D:5      | Killed Edmund
  5900 | D:5      | Killed Crazy Yiuf
  5901 | D:5      | Reached skill level 1 in Evocations
  6078 | D:6      | Found a glowing golden altar of the Shining One.
  6116 | D:6      | Reached ** piety under Cheibriados
  6117 | D:6      | Reached XP level 9. HP: 56/56 MP: 7/15
  6242 | D:6      | Noticed Menkaure
  6253 | D:6      | Killed Menkaure
  6510 | D:6      | Found a shimmering altar of Xom.
  6510 | D:6      | Found a shimmering altar of Xom.
  6513 | D:6      | Found a shimmering altar of Xom.
  6513 | D:6      | Found a shimmering altar of Xom.
  6515 | D:6      | Found a shimmering altar of Xom.
  6516 | D:6      | Found a shimmering altar of Xom.
  6574 | D:6      | Found a sparkling altar of Nemelex Xobeh.
  6694 | D:6      | Reached skill level 5 in Spellcasting
  7983 | D:7      | Learned a level 3 spell: Ignite Poison
  7988 | D:7      | Learned a level 4 spell: Sticky Flame
  8114 | D:7      | Noticed Pikel
  8125 | D:7      | Killed Pikel
  8160 | D:7      | Reached *** piety under Cheibriados
  8718 | D:7      | Reached XP level 10. HP: 65/65 MP: 8/18
  9238 | D:8      | Got Sisam's Collected Works on Moulding and Sinister Rites
  9570 | D:8      | Found a runed translucent gate.
  9570 | D:8      | Found a runed translucent gate.
  9570 | D:8      | Found a runed translucent gate.
  9576 | D:8      | Noticed BeKind's ghost (novice VSBe)
  9606 | D:8      | Reached skill level 5 in Fighting
  9864 | D:9      | Learned a level 3 spell: Call Canine Familiar
  9992 | D:9      | Noticed Maggie
 10005 | D:9      | Killed Maggie
 10233 | D:9      | Noticed a cyan ugly thing
 10238 | D:9      | Killed a cyan ugly thing
 10238 | D:9      | Reached **** piety under Cheibriados
 10453 | D:9      | Noticed Psyche
 10460 | D:9      | Killed Psyche
 10477 | D:9      | Noticed Grum
 10564 | D:9      | Killed Grum
 10609 | D:9      | Reached skill level 5 in Dodging
 10699 | D:9      | Noticed a two-headed ogre
 10721 | D:9      | Killed a two-headed ogre
 10722 | D:9      | Reached skill level 5 in Summonings
 10739 | D:9      | Reached XP level 11. HP: 48/72 MP: 9/20
 10854 | D:9      | Reached skill level 1 in Shields
 10883 | D:9      | Reached ***** piety under Cheibriados
 11301 | D:10     | Entered Level 10 of the Dungeon
 11306 | D:10     | Noticed a death yak
 11429 | D:10     | Noticed a two-headed ogre
 11441 | D:10     | Killed a two-headed ogre
 11442 | D:10     | Reached skill level 5 in Shields
 11601 | D:10     | Found a staircase to the Orcish Mines.
 11626 | D:10     | Noticed a death yak
 11632 | D:10     | Noticed a death yak
 11658 | D:10     | Killed a death yak
 11659 | D:10     | Killed a death yak
 11660 | D:10     | HP: 3/72 [death yak (26)]
 12012 | D:10     | Noticed a two-headed ogre
 12023 | D:10     | Killed a two-headed ogre
 12059 | D:10     | Found a staircase to the Lair.
 12154 | D:10     | Found a white marble altar of Elyvilon.
 12489 | D:10     | Killed a death yak
 12772 | Lair:1   | Entered Level 1 of the Lair of Beasts
 13088 | Orc:1    | Entered Level 1 of the Orcish Mines
 13088 | Orc:1    | Noticed an orc knight
 13092 | Orc:1    | HP: 2/72 [orc knight/+2 halberd of freezing (12)]
 13429 | Lair:1   | Noticed an eight-headed hydra
 13438 | Lair:1   | Slain by an eight-headed hydra

Illustrated notes

Levels and vault maps discovered:
D:1:      lemuel_arrival_broad_hall, layout_basic
D:2:      layout_loops_ring, basic_altar
D:3:      layout_loops_corners, jmf_multi_god_temple, old_standard_altar,
          chequers_ecumenical_altar_island, nrook_campfire
D:4:      layout_gridville, general_overflow_altar, temple_statues,
          serial_shops, kennysheep_little_box
D:5:      layout_rooms, dancing_weapons_uskayaw, overflow_temple_1_default,
          lemuel_another_geyser, uniq_grinder, uniq_crazy_yiuf_cottage,
          uniq_edmund, uniq_ijyb, uniq_prince_ribbit1
D:6:      layout_basic, xom_redecorated, mainiacjoe_overflow_catwalk,
          nicolae_overflow_crystal_walls, uniq_menkaure
D:7:      layout_basic, uniq_pikel
D:8:      layout_basic, gammafunk_ghost_necromancy,
          hangedman_abyss_or_decor_passed, minmay_misc_feat_enclosed,
          chequers_serial_rivers_small_b
D:9:      layout_roguey, uniq_grum, uniq_psyche, uniq_maggie
D:10:     layout_basic, lemuel_tele_altar, dpeg_lair_monsters, orc_0_dummy
Temple:   minmay_temple_bridge_abc
Lair:1:   layout_misc_corridors, st_stairs_12, infiniplex_staircase_pool,
          grunt_megastairs_2
Orc:1:    layout_caves, portal_ice_cave_entry_pillars_2, serial_shops,
          nicolae_shop_trees, nicolae_shop_advertising_works
          [nicolae_subvault_shop_adworks], nicolae_square_shop, shop

Skill      XL: |  1  2  3  4  5  6  7  8  9 10 11 |
---------------+----------------------------------+-----
Stealth        | 3 4 6 7 |  7.5
Fighting       | 1 2 3 4 6 |  6.0
Conjurations   | 2 3 4 5 7 |  7.2
Summonings     | 3 4 5 |  5.3
Translocations | 2 |  2.4
Poison Magic   | 2 4 |  4.0
Air Magic      | 2 3 |  3.9
Spellcasting   | 4 5 6 |  6.2
Evocations     | 1 3 4 |  4.5
Dodging        | 3 6 |  6.2
Transmutations | 2 |  2.0
Fire Magic     | 4 |  4.0
Shields        | 7 |  7.6

Action                   |  1- 3 |  4- 6 |  7- 9 | 10-12 || total
-------------------------+-------+-------+-------+-------++-------
Melee: Dagger            |     3 |       |       |       ||     3
       Short sword       |    15 |    38 |       |       ||    53
       Constrict         |     5 |     8 |    16 |    28 ||    57
       Tentacles         |     3 |     9 |    27 |    21 ||    60
       Hand axe          |       |     4 |    42 |    53 ||    99
       Punch             |       |     1 |       |     3 ||     4
       Lajatang          |       |       |    49 |    50 ||    99
Throw: Dart              |       |     2 |    20 |     8 ||    30
 Cast: Magic Dart        |    77 |    81 |    56 |    30 ||   244
       Call Imp          |     2 |    12 |    30 |    21 ||    65
       Mephitic Cloud    |       |     2 |    31 |    48 ||    81
       Blink             |       |     1 |     3 |     1 ||     5
       Ignite Poison     |       |       |     2 |    20 ||    22
       Call Canine Famil |       |       |       |    36 ||    36
       Sticky Flame      |       |       |       |     1 ||     1
Evoke: Wand              |       |       |     5 |     8 ||    13
  Use: Scroll            |       |       |    18 |     4 ||    22
       Potion            |       |       |     1 |     3 ||     4
 Stab: Sleeping          |       |     2 |       |     1 ||     3
       Confused          |       |     1 |     6 |    17 ||    24
       Distracted        |       |       |     1 |       ||     1
Armor: Skin              |     6 |     5 |     2 |    24 ||    37
Dodge: Dodged            |    14 |    25 |    56 |    84 ||   179
Block: Kite shield       |       |       |       |    32 ||    32

Table legend: (Time is in decaauts)
 A = Elapsed time spent in this place.
 B = Non-inter-level travel time spent in this place.
 C = Inter-level travel time spent in this place.
 D = Time resting spent in this place.
 E = Time spent auto-exploring this place.
 F = Levels seen in this place.
 G = Mean time per level.
                   A        B        C        D        E       F      G
               +--------+--------+--------+--------+--------+-----+--------+
         Total |  16148 |  15612 |    536 |   5370 |   7512 |  13 | 1242.2 |
       Dungeon |  16011 |  15476 |    535 |   5325 |   7486 |  10 | 1601.1 |
        Temple |      1 |      1 |      0 |      0 |      0 |   1 |    1.0 |
          Lair |    130 |    130 |      0 |     45 |     26 |   1 |  130.0 |
  Orcish Mines |      4 |      4 |      0 |      0 |      0 |   1 |    4.0 |
               +--------+--------+--------+--------+--------+-----+--------+

Top non-repeatable levels by time:
     D:9: 2261 daAuts
    D:10: 2259 daAuts
     D:6: 2124 daAuts
     D:7: 1602 daAuts
     D:8: 1408 daAuts
     D:5: 1351 daAuts
     D:2: 1301 daAuts
     D:4: 1274 daAuts
     D:3: 1272 daAuts
     D:1: 1155 daAuts
  Lair:1: 130 daAuts
   Orc:1: 4 daAuts
  Temple: 1 daAuts
